Map: Lost and Found LE

Players

Truth

  • Race: Terran Terran
  • Spawn Location: 7:00

TheoRy - Winner!

  • Race: Protoss Protoss
  • Spawn Location: 1:00

Event: WCS Austin 2018

VOD

Have the link to the VOD?

Description

Time

  • Played on: June 1, 2018, 3:07 p.m.
  • Length: 10:38

All games in this series

Show
View Real Time Build Order
Export as new Build Order

Truth Terran 

Build Orders: Reaper Expand, MMM Bio 

Get SALT Encoding   

  12  0:01  SCV  
  13  0:13  SCV  
  14  0:17  Supply Depot  
  14  0:25  SCV  
  15  0:38  SCV  
  15  0:39  Barracks  
  16  0:44  Refinery  
  16  0:51  SCV  
  17  1:03  SCV  
  18  1:15  SCV  
  19  1:28  Orbital Command, Reaper  
  20  1:40  Command Center  
  20  1:50  Supply Depot  
  20  1:54  SCV  
  21  2:01  Barracks Tech Lab  
  21  2:06  SCV  
  22  2:09  Barracks  
  22  2:18  SCV  
  22  2:21  Concussive Shells  
  22  2:22  Marauder  
  25  2:30  SCV  
  25  2:33  Barracks  
  26  2:43  Marauder, SCV  
  29  2:53  Orbital Command  
  29  2:55  SCV  
  29  2:56  Barracks Reactor  
  30  3:05  Marine  
  30  3:07  SCV  
  30  3:09  Stimpack  
  32  3:19  SCV x2  
  34  3:22  Engineering Bay  
  35  3:28  Barracks Reactor, Marine  
  35  3:31  SCV  
  36  3:34  SCV  
  36  3:35  Supply Depot  
  36  3:36  Marine, Supply Depot  
  36  3:37  Marine  
  39  3:44  SCV  
  39  3:46  Marine, SCV  
  42  3:54  Marine  
  43  3:56  SCV  
  43  3:58  Marine  
  43  4:00  Supply Depot  
  45  4:04  Marine  
  45  4:05  Barracks  
  45  4:06  Barracks, Marine x2  
  45  4:09  SCV x2  
  50  4:12  Terran Infantry Weapons Level 1  
  50  4:19  Marine x2  
  50  4:21  SCV x2  
  50  4:22  Marine  
  55  4:24  Supply Depot  
  55  4:26  Marine x2  
  57  4:33  SCV x2  
  57  4:37  Marine x2  
  57  4:38  Supply Depot  
  61  4:39  Marine  
  61  4:45  SCV x2  
  64  4:48  Marine x2  
  66  4:54  Marine x2  
  66  4:55  Marine x2  
  66  4:57  SCV x2  
  66  4:59  Marine  
  72  5:08  Marine  
  72  5:09  Marine, SCV  
  72  5:10  Combat Shields  
  72  5:12  SCV  
  77  5:18  Marauder, Marine  
  77  5:20  Barracks Tech Lab x2  
  79  5:21  SCV  
  79  5:23  Supply Depot  
  79  5:24  Supply Depot  
  79  5:25  Refinery, Marine  
  79  5:27  Refinery  
  80  5:34  Marine  
  79  5:35  Marine  
  79  5:36  Marine  
  79  5:38  SCV x2  
  79  5:39  Marauder  
  79  5:42  Marauder  
  86  5:45  Marauder  
  86  5:46  Marine  
  89  5:52  Marine  
  89  5:53  Marine  
  89  5:54  Marine  
  91  6:00  Marauder  
  91  6:03  Marine  
  90  6:04  Marine  
  90  6:06  Marauder, SCV x2  
  90  6:10  Marine  
  93  6:13  Marine  
  95  6:18  SCV x2  
  95  6:20  Terran Infantry Armor Level 1  
  95  6:21  Marauder, Marine  
  95  6:22  Marauder  
  95  6:24  Marine  
  102  6:28  Marauder  
  104  6:37  Marine  
  105  6:43  Marauder x2  
  106  6:47  Marine  
  106  6:49  SCV x2  
  106  6:52  Marauder  
  106  6:53  Supply Depot, Factory  
  109  6:54  Supply Depot  
  91  7:06  Marauder, Marine  
  81  7:09  Marauder, Marine  
  81  7:11  Marine x2  
  81  7:13  Marine  
  76  7:24  Marine  
  76  7:27  Marine  
  76  7:28  Marauder, Marine  
  80  7:30  Supply Depot  
  80  7:31  Marauder, Supply Depot  
  80  7:32  Marine  
  80  7:33  Marauder  
  85  7:38  Starport, Factory Reactor  
  85  7:40  SCV x2  
  85  7:41  Refinery  
  85  7:42  Marine  
  88  7:45  Marine  
  88  7:49  Marauder  
  88  7:50  Marine  
  90  7:52  Marauder  
  90  7:53  Marine  
  90  7:54  Marauder  
  90  7:57  SCV  
  92  8:01  Marine  
  93  8:05  Marine  
  93  8:08  Marine  
  93  8:11  Marauder  
  97  8:14  Marauder  
  97  8:15  Marauder  
  101  8:20  Factory Tech Lab  
  101  8:23  Marine  
  101  8:24  Medivac  
  101  8:25  Medivac  
  101  8:26  Command Center, Marine  
  107  8:31  Marine x2  
  107  8:32  Marauder  
  111  8:35  Marauder  
  111  8:36  Marine  
  110  8:41  Marine  
  110  8:44  Marine  
  112  8:50  Armory  
  112  8:51  Engineering Bay, Marine  
  112  8:53  Marauder  
  112  8:54  Marauder, Medivac, Siege Tank  
  112  8:55  Medivac  
  124  8:56  Marauder  
  124  9:02  Marine  
  115  9:05  Marine  
  114  9:15  Marauder  
  114  9:16  Marauder, Marine  
  119  9:17  Marine  
  119  9:18  Marauder  
  88  9:36  Marauder  
  88  9:38  Marauder, Marine x2  
  86  9:39  Medivac x2, Siege Tank  
  86  9:44  Marine  
  86  9:45  Marauder  
  98  9:49  Marine  
  93  9:56  Marine  
  93  9:58  Marauder  
  98  10:00  Marauder  
  98  10:01  Marine  
  98  10:06  Marauder, Marine  
  98  10:11  Command Center  
Show
View Real Time Build Order
Export as new Build Order

TheoRy Protoss - Winner!

Build Orders: 1 Gate Expand, Blink Stalkers 

Get SALT Encoding   

  12  0:00  Probe  
  13  0:12  Probe  
  14  0:18  Pylon  
  14  0:24  Probe  
  15  0:32  Probe  
  15  0:39  Gateway  
  15  0:40  Probe  
  16  0:46  Assimilator  
  17  0:51  Probe  
  18  1:03  Probe  
  19  1:15  Probe  
  20  1:24  Nexus  
  20  1:33  Cybernetics Core  
  20  1:35  Probe  
  21  1:43  Pylon  
  21  1:47  Probe  
  21  1:51  Assimilator  
  22  1:59  Probe  
  23  2:01  Stalker  
  23  2:06  Pylon  
  23  2:10  Probe  
  23  2:13  Warp Gate  
  26  2:18  Probe  
  26  2:26  Probe  
  26  2:32  Stalker  
  29  2:38  Probe  
  29  2:40  Probe  
  29  2:42  Twilight Council  
  31  2:48  Probe  
  31  2:50  Probe  
  33  2:59  Blink  
  33  3:00  Probe  
  33  3:04  Gateway  
  34  3:10  Gateway  
  34  3:15  Probe  
  34  3:19  Probe  
  34  3:28  Stalker, Shield Battery  
  34  3:30  Shield Battery  
  34  3:33  Pylon  
  36  3:42  Probe  
  36  3:44  Probe  
  38  3:54  Pylon  
  38  3:55  Probe  
  39  3:56  Probe  
  39  4:01  Assimilator  
  40  4:07  Probe  
  40  4:08  Probe  
  42  4:10  Robotics Facility  
  42  4:16  Stalker x2  
  46  4:19  Probe  
  46  4:22  Stalker  
  49  4:24  Assimilator  
  49  4:26  Probe  
  50  4:31  Probe  
  50  4:38  Probe  
  52  4:40  Gateway  
  52  4:43  Stalker, Probe  
  55  4:47  Stalker  
  55  4:50  Probe  
  57  4:54  Pylon  
  57  4:55  Probe  
  58  5:05  Probe  
  58  5:06  Immortal  
  59  5:10  Robotics Bay  
  63  5:15  Probe  
  63  5:16  Sentry  
  66  5:23  Probe  
  67  5:37  Sentry x2  
  67  5:39  Probe  
  67  5:40  Warp Prism  
  67  5:42  Pylon  
  72  5:43  Sentry  
  72  5:46  Pylon  
  72  5:49  Gateway  
  76  5:50  Gateway  
  76  5:53  Gateway  
  76  6:09  Disruptor  
  74  6:12  Stalker x2  
  74  6:13  Stalker  
  74  6:14  Pylon  
  74  6:18  Pylon  
  83  6:22  Gateway  
  83  6:32  Probe  
  84  6:33  Gateway  
  84  6:34  Extended Thermal Lance  
  84  6:36  Pylon  
  84  6:47  Stalker  
  74  7:09  Colossus  
  74  7:10  Probe  
  81  7:18  Probe  
  81  7:22  Pylon  
  80  7:35  Nexus  
  80  7:37  Stalker x2, Sentry x4  
  80  7:38  Pylon  
  80  7:43  Zealot  
  92  8:00  Gateway  
  92  8:01  Pylon  
  92  8:02  Pylon  
  92  8:03  Stalker  
  92  8:04  Stalker x5  
  104  8:06  Colossus  
  104  8:14  Zealot  
  104  8:17  Probe  
  104  8:18  Assimilator  
  113  8:22  Assimilator  
  109  8:28  Stalker, Zealot x2  
  115  8:39  Stalker x2  
  119  8:42  Stalker  
  119  8:47  Stalker  
  119  8:48  Sentry  
  125  8:53  Stalker  
  127  9:11  Stalker x3  
  127  9:12  Stalker, Zealot  
  127  9:20  Nexus  
  127  9:21  Pylon  
  109  9:38  Stalker x4  
  115  9:39  Pylon  
  109  10:01  Stalker x5  
  115  10:08  Stalker  
  115  10:13  Stalker  
  108  10:34  Stalker x2  
  98  10:36  Stalker  
Tags
 
Add a new tag
Caveats
  • Supply blocks, unpowered buildings, or Contaminate may cause inaccurate times.
  • Supply counts are checked every 10 seconds.